Map: Rhoskallian LE

Players

Massa

  • Race: Terran Terran
  • League: Gold
  • Spawn Location: 11:00

qqq

  • Race: Protoss Protoss
  • Spawn Location: 12:00

Josh - Winner!

  • Race: Protoss Protoss
  • Spawn Location: 6:00

ЮХА - Winner!

  • Race: Zerg Zerg
  • Spawn Location: 5:00

VOD

Have the link to the VOD?

Description

Time

  • Played on: July 4, 2020, 9:30 a.m.
  • Length: 7:23
Show
View Real Time Build Order
Export as new Build Order

Massa Terran 

Build Orders: Reaper Expand 

Get SALT Encoding   

  12  0:04  SCV  
  13  0:18  SCV  
  13  0:19  Supply Depot  
  14  0:30  SCV  
  15  0:43  Barracks  
  15  0:45  SCV  
  15  0:49  Refinery  
  16  0:57  SCV  
  17  1:09  SCV  
  18  1:21  SCV  
  19  1:33  SCV  
  19  1:35  Command Center  
  19  1:39  Reaper  
  21  1:49  Orbital Command  
  21  2:11  Reaper  
  22  2:35  Barracks  
  22  2:43  Marine  
  23  2:51  Supply Depot  
  23  3:01  Marine  
  24  3:19  Marine  
  25  3:32  Barracks Tech Lab  
  25  3:35  Orbital Command  
  25  3:36  Marine  
  25  3:37  SCV  
  27  3:41  Factory  
  27  3:49  SCV  
  27  3:50  Factory  
  27  3:53  Stimpack  
  27  3:54  Marine  
  29  4:01  SCV  
  29  4:12  Marine  
  29  4:14  SCV  
  30  4:22  Marauder  
  32  4:26  SCV  
  33  4:31  Refinery  
  33  4:34  Refinery, SCV  
  33  4:36  Factory Tech Lab  
  33  4:38  SCV  
  35  4:39  Factory Tech Lab  
  35  4:43  Marauder  
  35  4:45  Supply Depot  
  37  4:46  SCV  
  37  4:47  Engineering Bay  
  37  4:50  Refinery, SCV  
  39  4:58  SCV  
  40  5:02  SCV  
  40  5:05  Marauder  
  43  5:10  SCV  
  43  5:12  Marine  
  45  5:14  SCV  
  45  5:16  Siege Tank  
  45  5:18  Widow Mine  
  51  5:22  SCV  
  51  5:26  Marauder  
  54  5:32  Supply Depot  
  54  5:34  Supply Depot  
  54  5:38  Supply Depot  
  54  5:41  Missile Turret  
  54  5:44  Missile Turret  
  54  5:47  SCV, Missile Turret  
  54  5:53  SCV, Marine  
  54  5:54  Marauder  
  57  6:04  Widow Mine x2  
  52  6:15  Marauder  
  46  6:25  Widow Mine, Siege Tank  
  47  6:36  Marauder  
  49  6:43  Barracks  
  49  6:44  Barracks x2  
  49  6:45  Barracks  
  49  6:47  Siege Tank  
  52  6:53  Supply Depot x2  
  52  6:58  Marauder  
  49  7:16  Supply Depot  
Show
View Real Time Build Order
Export as new Build Order

qqq Protoss 

Build Orders: Cannon Rush 

Get SALT Encoding   

  12  0:04  Probe  
  13  0:23  Pylon  
  13  0:28  Probe  
  14  0:40  Probe  
  15  0:44  Forge  
  15  0:53  Probe  
  16  1:05  Probe  
  16  1:08  Pylon  
  17  1:17  Probe  
  18  1:29  Probe  
  18  1:32  Gateway  
  19  1:34  Photon Cannon  
  19  1:46  Photon Cannon  
  19  1:52  Photon Cannon  
  19  1:59  Pylon  
  19  2:31  Nexus  
  19  2:40  Photon Cannon  
  19  2:56  Cybernetics Core  
  19  2:58  Assimilator  
  19  2:59  Probe  
  19  3:03  Assimilator  
  20  3:12  Probe  
  21  3:24  Probe  
  22  3:36  Probe  
  23  3:48  Probe  
  24  4:00  Probe  
  25  4:05  Probe  
  26  4:11  Pylon  
  26  4:14  Stargate  
  26  4:15  Probe  
  26  4:17  Pylon  
  26  4:21  Assimilator  
  26  4:23  Probe  
  27  4:31  Probe, Protoss Air Weapons Level 1  
  29  4:43  Probe  
  30  4:51  Assimilator  
  30  4:55  Probe, Stargate  
  30  4:59  Phoenix  
  33  5:07  Probe  
  34  5:18  Probe  
  34  5:19  Phoenix  
  35  5:26  Probe  
  37  5:34  Probe  
  38  5:39  Phoenix  
  39  5:45  Phoenix, Fleet Beacon  
  39  5:46  Probe  
  44  5:58  Probe  
  44  6:02  Phoenix  
  45  6:04  Phoenix  
  36  6:43  Photon Cannon  
  34  6:48  Probe  
  30  7:00  Probe  
Show
View Real Time Build Order
Export as new Build Order

Josh Protoss - Winner!

Build Orders:  

Get SALT Encoding   

  12  0:03  Probe  
  13  0:15  Probe  
  14  0:24  Pylon  
  14  0:27  Probe  
  15  0:38  Probe  
  16  0:47  Gateway  
  16  0:52  Probe, Assimilator  
  17  1:04  Probe  
  18  1:17  Probe  
  19  1:29  Probe  
  20  1:37  Cybernetics Core  
  20  1:45  Pylon  
  20  1:47  Nexus  
  20  1:52  Probe  
  20  1:53  Assimilator  
  21  2:14  Stalker  
  23  2:29  Stargate  
  23  2:34  Probe  
  24  2:43  Shield Battery  
  24  2:44  Shield Battery  
  24  3:00  Probe  
  25  3:08  Pylon  
  25  3:21  Void Ray  
  29  3:35  Pylon  
  29  3:44  Nexus  
  29  3:45  Pylon  
  29  3:46  Stargate  
  29  4:22  Phoenix  
  31  4:25  Phoenix  
  33  4:39  Probe  
  33  4:44  Forge  
  34  4:47  Phoenix  
  34  4:48  Phoenix  
  34  4:51  Probe  
  39  5:02  Probe x2  
  41  5:10  Probe  
  41  5:14  Probe  
  41  5:18  Probe  
  41  5:19  Photon Cannon  
  43  5:22  Assimilator  
  43  5:23  Phoenix  
  43  5:26  Probe  
  43  5:27  Assimilator  
  45  5:29  Pylon  
  45  5:30  Probe  
  48  5:38  Probe  
  48  5:39  Phoenix  
  48  5:42  Probe  
  52  5:53  Phoenix  
  54  6:09  Phoenix  
  56  6:33  Phoenix  
  56  6:34  Phoenix  
  60  6:58  Phoenix  
Show
View Real Time Build Order
Export as new Build Order

ЮХА Zerg - Winner!

Build Orders: Hatch First 

Get SALT Encoding   

  12  0:01  Drone  
  13  0:13  Overlord  
  13  0:18  Drone  
  14  0:32  Drone x2  
  14  0:35  Drone  
  17  0:57  Drone  
  17  0:58  Hatchery  
  17  1:00  Drone  
  18  1:11  Extractor  
  18  1:16  Spawning Pool  
  16  1:20  Drone  
  16  1:22  Drone  
  18  1:28  Drone  
  19  1:39  Overlord  
  19  2:03  Queen  
  22  2:17  Drone x3  
  25  2:23  Extractor  
  25  2:28  Overlord  
  24  2:33  Roach Warren  
  23  2:39  Drone  
  24  2:45  Queen  
  26  2:57  Zergling x2  
  27  2:59  Metabolic Boost  
  27  3:02  Overlord  
  27  3:14  Overlord  
  27  3:16  Roach x3  
  33  3:33  Roach  
  35  3:39  Ravager  
  35  3:40  Ravager x2  
  38  3:42  Overlord  
  38  3:59  Roach x4  
  46  4:12  Queen  
  48  4:22  Roach x3  
  54  4:24  Overlord  
  51  5:04  Hatchery  
  50  5:10  Drone  
  51  5:23  Drone x2  
  51  5:24  Drone x2  
  51  5:28  Ravager x4  
  59  5:30  Drone  
  60  5:36  Overlord  
  52  6:21  Roach  
  52  6:22  Roach x6  
  66  6:55  Roach  
  66  6:56  Roach x4  
  66  6:57  Overlord  
  66  6:58  Overlord x2  
Tags
 
Add a new tag
Caveats
  • Supply blocks, unpowered buildings, or Contaminate may cause inaccurate times.
  • Supply counts are checked every 10 seconds.